Map: Shrines of Lizul

Players

monah - Winner!

  • Race: Protoss Protoss
  • League: Diamond
  • Spawn Location: 3:00

PureLegacy - Winner!

  • Race: Terran Terran
  • Spawn Location: 12:00

uLquïørra

  • Race: Terran Terran
  • League: Diamond
  • Spawn Location: 6:00

MessaDesBois

  • Race: Zerg Zerg
  • League: Diamond
  • Spawn Location: 9:00

VOD

Have the link to the VOD?

Description

Time

  • Played on: Nov. 28, 2018, 9:32 p.m.
  • Length: 7:15
Show
View Real Time Build Order
Export as new Build Order

monah Protoss - Winner!

Build Orders:  

Get SALT Encoding   

  12  0:03  Probe  
  13  0:15  Probe  
  13  0:20  Pylon  
  14  0:27  Probe  
  15  0:39  Probe  
  16  0:44  Gateway  
  16  0:54  Gateway  
  16  1:07  Assimilator  
  16  1:08  Probe  
  17  1:15  Pylon  
  17  1:20  Probe  
  18  1:32  Probe  
  19  1:34  Cybernetics Core  
  19  1:37  Zealot  
  21  1:44  Probe  
  21  1:46  Zealot  
  23  1:53  Assimilator  
  23  1:56  Probe  
  24  2:12  Adept x2  
  24  2:16  Warp Gate  
  28  2:27  Probe  
  29  2:32  Pylon  
  29  2:42  Shield Battery  
  29  2:45  Stalker  
  29  2:50  Stalker  
  33  3:02  Probe  
  34  3:07  Pylon  
  34  3:22  Stalker x2  
  38  3:39  Twilight Council  
  38  3:44  Probe  
  38  3:45  Gateway  
  38  3:47  Gateway  
  39  4:33  Stalker x2  
  43  4:40  Dark Shrine  
  43  4:51  Stalker x2  
  47  5:23  Pylon  
  47  5:34  Nexus, Probe  
  46  5:58  Pylon  
  42  6:19  Dark Templar x4  
  42  6:22  Probe  
  51  6:34  Probe  
Show
View Real Time Build Order
Export as new Build Order

PureLegacy Terran - Winner!

Build Orders:  

Get SALT Encoding   

  12  0:01  SCV  
  13  0:13  SCV  
  14  0:21  Supply Depot  
  14  0:25  SCV  
  15  0:32  Refinery  
  15  0:43  SCV  
  15  0:47  Barracks  
  16  0:55  SCV  
  17  1:05  Barracks  
  17  1:23  Barracks  
  17  1:30  SCV  
  18  1:36  Reaper  
  19  1:42  Orbital Command  
  19  1:53  Reaper  
  20  1:56  Refinery  
  20  2:03  Supply Depot  
  20  2:16  Reaper x2  
  20  2:18  SCV  
  23  2:26  Supply Depot  
  23  2:29  Reaper  
  24  2:31  SCV  
  25  2:48  Reaper x2, SCV  
  28  3:00  SCV  
  28  3:01  Reaper  
  30  3:20  Reaper x2  
  32  3:31  Command Center  
  32  3:32  SCV  
  33  3:35  Supply Depot, Reaper  
  34  3:45  SCV  
  32  3:55  Reaper  
  32  4:00  Reaper  
  34  4:04  Barracks  
  34  4:05  Barracks  
  34  4:07  SCV  
  35  4:30  SCV  
  37  4:39  Barracks Tech Lab, Barracks Reactor  
  37  4:41  Engineering Bay  
  37  4:42  SCV  
  37  4:44  Factory  
  37  4:45  Orbital Command  
  32  4:56  Marine x3  
  32  4:57  Marine  
  32  4:58  Stimpack  
  35  5:01  SCV  
  36  5:14  Marine, SCV x2  
  35  5:16  Missile Turret x2  
  35  5:18  Marine x2  
  39  5:25  Marine x2  
  40  5:35  Factory Reactor  
  39  5:39  Starport  
  39  5:41  SCV x2  
  41  5:50  Marine x4  
  41  5:51  Marine x2  
  41  5:53  SCV x2  
  49  6:07  Supply Depot, SCV x2  
  49  6:09  Barracks Reactor  
  49  6:10  Barracks Reactor  
  51  6:12  Marine  
  51  6:14  Marine x2  
  51  6:17  Refinery  
  51  6:18  Refinery, Barracks Reactor  
  54  6:20  SCV x2  
  54  6:24  Supply Depot  
  56  6:28  Medivac x2  
  60  6:34  Marine x3  
  60  6:37  SCV  
  60  6:38  SCV  
  60  6:39  Supply Depot  
  65  6:47  Marine x4  
  65  6:50  SCV x2  
  65  6:51  Supply Depot  
  65  6:52  Marine  
  65  6:53  Marine x2  
  78  7:04  Supply Depot x2  
Show
View Real Time Build Order
Export as new Build Order

uLquïørra Terran 

Build Orders:  

Get SALT Encoding   

  12  0:02  SCV  
  13  0:14  Supply Depot  
  13  0:17  SCV  
  14  0:29  SCV  
  15  0:36  Barracks  
  15  0:41  SCV  
  16  0:46  Refinery  
  16  0:53  SCV  
  17  1:13  SCV  
  17  1:16  Supply Depot  
  18  1:29  Marine  
  18  1:30  Orbital Command  
  19  1:35  Refinery  
  19  1:49  Marine  
  19  1:51  Factory  
  20  1:57  SCV  
  21  2:07  Marine  
  22  2:12  SCV  
  23  2:26  Command Center  
  23  2:36  Factory Tech Lab  
  23  2:37  Marine  
  23  2:40  Supply Depot  
  24  2:46  SCV  
  25  2:54  Starport  
  25  3:04  Cyclone  
  28  3:11  Marine  
  29  3:13  SCV  
  30  3:27  SCV  
  30  3:31  Starport Tech Lab  
  31  3:36  Siege Tank  
  31  3:39  SCV  
  35  3:46  Marine  
  36  3:49  Banshee  
  35  4:00  SCV  
  32  4:03  Marine  
  31  4:22  Marine  
  31  4:24  Siege Tank  
  21  4:40  Banshee  
  24  4:58  Orbital Command  
  24  5:28  SCV x2  
  22  5:36  Hellion  
  22  5:42  SCV  
  25  5:48  Marine  
  26  5:50  Banshee  
  29  5:59  Siege Tank  
  24  6:34  Orbital Command  
Show
View Real Time Build Order
Export as new Build Order

MessaDesBois Zerg 

Build Orders: Pool First 

Get SALT Encoding   

  12  0:03  Drone  
  13  0:08  Drone  
  14  0:19  Drone, Extractor  
  15  0:23  Overlord  
  15  0:43  Spawning Pool  
  14  0:53  Drone x3  
  17  0:57  Extractor  
  16  1:21  Drone x2  
  18  1:29  Drone  
  19  1:37  Queen  
  21  1:50  Zergling x2  
  21  1:52  Overlord  
  22  2:09  Hatchery  
  22  2:14  Drone x2  
  23  2:17  Metabolic Boost  
  23  2:36  Zergling x2  
  23  2:37  Zergling x2  
  23  2:46  Zergling x2  
  23  2:47  Zergling x4  
  26  2:58  Zergling x2  
  27  2:59  Zergling x2  
  28  3:06  Zergling x2  
  28  3:16  Zergling x2  
  22  3:32  Zergling x6  
  15  3:45  Zergling x4  
  11  3:50  Zergling x2  
  10  4:00  Zergling x2  
  10  4:01  Zergling x2  
  5  4:29  Zergling x10  
Tags
 
Add a new tag
Caveats
  • Supply blocks, unpowered buildings, or Contaminate may cause inaccurate times.
  • Supply counts are checked every 10 seconds.